Map: Dead of Night

Players

FroGGe

  • Race: Zerg Zerg
  • Spawn Location: 0:00

larsgj

  • Race: Terran Terran
  • Spawn Location: 0:00

VOD

Have the link to the VOD?

Description

Time

  • Played on: May 10, 2020, 7:30 a.m.
  • Length: 8:21
Show
View Real Time Build Order
Export as new Build Order

FroGGe Zerg 

Build Orders:  

Get SALT Encoding   

  12  0:04  Drone  
  13  0:18  Overlord  
  13  0:30  Drone  
  14  0:54  Drone  
  14  0:56  Spawning Pool  
  14  1:16  Drone  
  14  1:17  Drone  
  16  1:30  Queen  
  16  1:33  Zergling x4  
  20  1:43  Overlord  
  20  1:56  Extractor  
  20  1:58  Drone  
  20  2:14  Zergling x2  
  21  2:41  Drone  
  21  2:42  Drone  
  23  2:59  Drone  
  24  3:06  Zergling x2  
  25  3:12  Zergling x4  
  25  3:13  Zergling x4  
  25  3:17  Overlord  
  29  3:53  Lair  
  29  3:58  Drone x2  
  27  4:35  Zergling x6  
  27  4:36  Zergling x4  
  28  5:00  Zergling x2  
  28  5:01  Zergling x4  
  26  5:26  Zergling x2  
  26  5:27  Zergling x2  
  23  6:37  Zergling x4  
  23  6:38  Zergling x6  
  28  7:06  Hydralisk Den  
  20  7:48  Hydralisk x4  
Show
View Real Time Build Order
Export as new Build Order

larsgj Terran 

Build Orders:  

Get SALT Encoding   

  12  0:04  SCV  
  13  0:22  Supply Depot  
  13  0:41  Barracks  
  13  0:44  SCV  
  14  1:01  SCV  
  15  1:12  Refinery  
  15  1:17  Marine  
  15  1:18  SCV  
  17  1:35  SCV  
  17  1:38  Supply Depot  
  18  1:50  Refinery  
  18  1:51  Marine  
  18  1:52  SCV  
  20  2:04  Marine  
  21  2:20  Supply Depot  
  21  2:28  Barracks Tech Lab  
  21  2:44  SCV  
  21  2:45  Refinery  
  22  2:58  Marauder  
  22  3:01  SCV  
  25  3:10  Marauder  
  27  3:20  Barracks  
  27  3:34  Marine  
  28  3:45  Marauder  
  30  3:59  Bunker  
  30  4:43  Bunker  
  29  4:58  Barracks Tech Lab  
  29  5:06  SCV  
  29  5:14  Bunker  
  29  5:19  Unknown  
  28  5:57  Marauder x2  
  31  6:10  Marauder x2  
  31  6:16  Stabilizer Medpacks  
  35  6:29  Supply Depot  
  33  6:49  Marine  
  20  7:01  Marine  
Tags
 
Matchup
Co-op
Replay Pack
Multiplayer
Add a new tag
Caveats
  • Supply blocks, unpowered buildings, or Contaminate may cause inaccurate times.
  • Supply counts are checked every 10 seconds.